 Dungeon Crawl Stone Soup version 0.17-a0-989-gada8a91 (webtiles) character file.

7496 Ngotmuk the Cleaver (level 10, -5/96 HPs)
             Began as a Deep Dwarf Fighter on May 12, 2015.
             Was a Believer of Ru.
             Slain by a yak (9 damage)
             ... on level 10 of the Dungeon.
             The game lasted 00:26:11 (8977 turns).

Ngotmuk the Cleaver (Deep Dwarf Fighter)            Turns: 8977, Time: 00:26:11

Health: -5/96      AC: 15    Str: 23    XL:     10   Next: 95%
Magic:  9/9        EV:  1    Int:  9    God:    Ru [**....]
Gold:   225        SH: 12    Dex: 12    Spells: 0 memorised, 9 levels left

rFire  . . .     SeeInvis .     H - +2 war axe
rCold  + . .     Clarity  .     u - +0 plate armour
rNeg   . . .     SustAb   .     c - +0 shield
rPois  .         Gourm    .     A - +0 helmet
rElec  .         Spirit   .     (no cloak)
rCorr  .         Warding  .     (no gloves)
rMut   .         Stasis   .     (no boots)
MR     +....                    b - amulet of rage
Stlth  ..........               w - ring of ice
                                m - ring of protection from fire

@: non-regenerating, somewhat resistant to hostile enchantments, extremely
unstealthy
A: damage resistance, recharge devices, sense surroundings 2, slow healing 3, no
stealth, hated by all
a: Device Recharging, Renounce Religion, Evoke Berserk Rage


You were on level 10 of the Dungeon.
You worshipped Ru.
Ru was pleased with you.
You were not hungry.

You visited 2 branches of the dungeon, and saw 11 of its levels.

You collected 424 gold pieces.
You spent 199 gold pieces at shops.

Inventory:

Hand weapons
 H - a +2 war axe (weapon)
Missiles
 x - 24 tomahawks (quivered)
Armour
 c - a +0 shield (worn)
 u - a +0 plate armour (worn)
 A - a +0 helmet (worn)
Jewellery
 b - an amulet of rage (around neck)
 m - a ring of protection from fire (left hand)
 w - a ring of ice (right hand)
 y - an uncursed amulet of resist mutation
 E - an uncursed amulet of warding
Magical devices
 e - a wand of heal wounds (0)
Scrolls
 h - 3 scrolls of remove curse
 i - 3 scrolls of fear
 k - 2 scrolls of fog
 p - 2 scrolls of magic mapping
 q - a scroll of blinking
 s - 2 scrolls of teleportation
Potions
 d - 3 potions of might
 f - a potion of cancellation {unknown}
 g - 3 potions of heal wounds
 j - a potion of magic
 o - 5 potions of curing
 r - 2 potions of invisibility
 v - a potion of berserk rage {unknown}
 z - a potion of ambrosia {unknown}
 C - 4 potions of cure mutation {unknown}
 D - a potion of brilliance {unknown}
 F - 2 potions of mutation {unknown}
 G - a potion of agility
 M - a potion of flight {unknown}
Books
 a - a book of Flames

   Spells                             Type                      Level
   a - Flame Tongue                   Conjuration/Fire             1
   b - Throw Flame                    Conjuration/Fire             2
   c - Conjure Flame                  Conjuration/Fire             3
   d - Inner Flame                    Hexes/Fire                   3
   e - Sticky Flame                   Conjuration/Fire             4
   f - Fireball                       Conjuration/Fire             5
Comestibles
 l - 5 fruits
 n - 4 meat rations
 t - 4 bread rations
 J - 6 slices of pizza


   Skills:
 + Level 8.2 Fighting
 * Level 10.5 Axes
 + Level 9.3 Armour
 + Level 9.4 Shields


You had 9 spell levels left.
You didn't know any spells.

Dungeon Overview and Level Annotations

Branches:
Dungeon (10/15)            Temple (1/1) D:6
   Lair: D:8-11         Orc: D:9-12

Altars:
Ashenzari
Cheibriados
Dithmenos
Elyvilon
Fedhas
Gozag
Kikubaaqudgha
Makhleb
Nemelex Xobeh
Okawaru
Qazlal
Ru
Sif Muna
Trog
Vehumet
Xom
Yredelemnul
Zin
The Shining One

Shops:
D:10 }=[


Innate Abilities, Weirdness & Mutations

You are resistant to damage.
You can recharge devices by infusing magical energy.
You passively map the area around you.
You do not heal naturally.
You cannot be stealthy.
You are hated by all.


Message History

You block the wight's attack. The yak gores you!
* * * LOW HITPOINT WARNING * * *
The wight hits you with a battleaxe. The wight hits you but does no damage.
The yak gores you but does no damage. You block the wight's attack.
You block the wight's attack. The wight barely misses you.
You see here an adder corpse.
You block the wight's attack.
The wight hits you with a dire flail of protection.
You feel yourself speed up.
The wight is stunned by your will and fails to attack.
You block the wight's attack. The wight hits you but does no damage.
The wight hits you with a mace.
* * * LOW HITPOINT WARNING * * *
The yak gores you!
* * * LOW HITPOINT WARNING * * *
The wight hits you with a mace.
There is an escape hatch in the floor here.
The wight hits you but does no damage. The yak gores you!
You die...

≈...≈#####................#..###.
≈...≈# #zz................## #
≈...≈######.................##
≈...≈≈≈≈≈≈#..................# *
.8.8.....≈#.Y..Y...........<.#
..........'..................#
.8.8.....≈##....z............#
≈...≈≈≈≈≈≈##...Yz............#
≈...≈########...@............##
≈...≈# #..###................##
≈...≈#####...##............##..##
≈...≈##...##..#...........####..#
≈≈≈≈≈#.....##.......}....## ##...
######......##..........## ##<...
# #......###..##....## #..... #
##......##..####### *#...... ###
###...###.## #.......


You could see 3 yaks and 4 wights.

Vanquished Creatures
  Josephine (D:10)
  The ghost of Postman the Vexing, an average DsEn (D:4)
  5 wraiths (D:10)
  A deep elf fighter (D:8)
  A wyvern (D:8)
  A hippogriff (D:8)
  2 water moccasins (D:7)
  Menkaure (D:5)
  2 phantoms
  5 ogres
  2 black bears
  2 sky beasts
  3 necrophages
  A centaur (D:9)
  11 big kobolds (D:8)
  A crocodile (D:9)
  3 giant frogs
  A water moccasin zombie (D:7)
  4 scorpions
  10 wights
  2 giant frog zombies
  7 hounds
  8 crimson imps
  8 orc wizards
  3 jellies
  2 centaur zombies
  A quasit (D:10)
  2 orc priests
  Ijyb (D:2)
  A centaur skeleton (D:6)
  A giant frog skeleton (D:5)
  5 worker ants
  Natasha (thrice) (D:4)
  2 iguanas
  A hound skeleton (D:4)
  Robin (D:4)
  2 river rats (D:5)
  10 adders
  9 gnolls
  2 shadow imps
  An ooze (D:2)
  2 adder skeletons
  2 worms
  6 giant geckos
  28 orcs
  A bat skeleton (D:4)
  8 giant cockroaches
  26 hobgoblins
  5 jackals
  32 kobolds
  6 quokkas
  2 ball pythons (D:5)
  16 bats
  7 giant newts
  17 goblins
  A jackal zombie (D:7)
  A quokka skeleton (D:6)
  12 rats
  7 ballistomycetes
309 creatures vanquished.

Vanquished Creatures (others)
  A wizard (D:8)
  3 giant spores
4 creatures vanquished.

Grand Total: 313 creatures vanquished

Notes
Turn   | Place    | Note
--------------------------------------------------------------
     0 | D:1      | Ngotmuk the Deep Dwarf Fighter began the quest for the Orb.
     0 | D:1      | Reached XP level 1. HP: 20/20 MP: 1/1
   158 | D:1      | Reached XP level 2. HP: 22/28 MP: 2/2
   974 | D:2      | Reached XP level 3. HP: 21/34 MP: 3/3
  1217 | D:2      | Reached XP level 4. HP: 8/42 MP: 4/4
  1298 | D:2      | Found a deep blue altar of Sif Muna.
  1386 | D:2      | Noticed Ijyb
  1398 | D:2      | Killed Ijyb
  1398 | D:2      | Reached skill level 4 in Shields
  1560 | D:3      | Reached XP level 5. HP: 14/49 MP: 5/5
  1720 | D:3      | Found a stormy altar of Qazlal.
  1722 | D:3      | Noticed an air elemental
  1723 | D:3      | Noticed a fire elemental
  1723 | D:3      | Noticed a water elemental
  1864 | D:3      | Found a white marble altar of Elyvilon.
  1950 | D:3      | Reached XP level 6. HP: 23/57 MP: 6/6
  2354 | D:4      | Noticed Postman's ghost (average DsEn)
  2392 | D:4      | Killed Postman's ghost
  2392 | D:4      | Reached skill level 5 in Shields
  2392 | D:4      | Reached XP level 7. HP: 17/66 MP: 7/7
  2398 | D:4      | Reached skill level 5 in Armour
  2406 | D:4      | Found an iron altar of Okawaru.
  2427 | D:4      | Reached skill level 5 in Axes
  2551 | D:4      | Noticed Robin
  2565 | D:4      | Killed Robin
  2749 | D:4      | Noticed Natasha
  2768 | D:4      | Killed Natasha
  2783 | D:4      | Found a sparkling altar of Nemelex Xobeh.
  2956 | D:4      | Noticed Natasha
  2972 | D:4      | Killed Natasha
  3024 | D:4      | Noticed Natasha
  3029 | D:4      | Killed Natasha
  3200 | D:5      | Entered Level 5 of the Dungeon
  3255 | D:5      | Reached skill level 5 in Fighting
  3346 | D:5      | Reached XP level 8. HP: 48/74 MP: 8/8
  3357 | D:5      | Reached skill level 6 in Shields
  3404 | D:5      | Found a radiant altar of Vehumet.
  3412 | D:5      | Noticed Menkaure
  3420 | D:5      | Killed Menkaure
  3678 | D:5      | Found a glowing silver altar of Zin.
  4008 | D:5      | Found a bloodstained altar of Trog.
  5003 | D:6      | Found a staircase to the Ecumenical Temple.
  5015 | Temple   | Entered the Ecumenical Temple
  5132 | Temple   | Became a worshipper of Ru the Awakened
  5287 | D:7      | Reached skill level 7 in Shields
  5464 | D:7      | Gained mutation: You passively map the area around you. [Deep Dwarf growth]
  5464 | D:7      | Reached XP level 9. HP: 41/82 MP: 9/9
  6134 | D:7      | Found a basalt altar of Yredelemnul.
  6592 | D:8      | Gained mutation: You cannot be stealthy. [Ru sacrifice]
  6688 | D:8      | Reached skill level 8 in Axes
  7002 | D:8      | Reached XP level 10. HP: 22/94 MP: 10/10
  7071 | D:8      | Reached skill level 9 in Axes
  7381 | D:8      | Found a bloodstained altar of Trog.
  7383 | D:8      | Noticed a wizard
  7388 | D:8      | Killed a wizard
  8139 | D:10     | Entered Level 10 of the Dungeon
  8144 | D:10     | Found Eriff's Gadget Boutique.
  8220 | D:10     | Found Joriteq's Antique Armour Boutique.
  8228 | D:10     | Bought a transparent chain mail for 199 gold pieces
  8238 | D:10     | Identified the +4 chain mail of the Morning Star {rN+ Int+4 Dex-5} (You bought it in a shop on level 10 of the Dungeon)
  8252 | D:10     | Found Ihuhof's Jewellery Shoppe.
  8427 | D:10     | Gained mutation: You are hated by all. [Ru sacrifice]
  8427 | D:10     | Acquired Ru's first power
  8427 | D:10     | Acquired Ru's second power
  8825 | D:10     | Reached skill level 10 in Axes
  8827 | D:10     | Noticed Josephine
  8846 | D:10     | Killed Josephine
  8957 | D:10     | HP: 4/96 [yak (8)]
  8977 | D:10     | Slain by a yak

Vault maps used:
D:1:      lightli_arrival_quake, serial_forest, infiniplex_forest_join,
          infiniplex_forest_lined_room_2, infiniplex_forest_lined_1,
          infiniplex_forest_corner_2, infiniplex_forest_lined_room_3,
          infiniplex_forest_straight_2, infiniplex_forest_clump_curved,
          minmay_surrounded
D:2:      led_sif_pool, corner_web_ring, uniq_iyjb
D:3:      corexii_shack_village, nicolae_qazlal_style_of_elements,
          lemuel_coloured_pillars_altar
D:4:      kennysheep_mini_moat, lemuel_crystal_altar, first_bread,
          dk_rats_in_the_wall, uniq_natasha, uniq_robin
D:5:      lemuel_crystal_altar, portal_sewer_entry_e, basic_altar,
          trog_hazing_becter, uniq_menkaure
D:6:      minmay_temple_entry_mist
D:7:      kennysheep_little_box
D:8:      special_room, grunt_pizzeria, trog_wizard
D:10:     serial_shops, shop, shop, shop, kennysheep_minor_cross, uniq_josephine
Temple:   water_room_temple_b_12

Action                   |  1- 3 |  4- 6 |  7- 9 | 10-12 || total
-------------------------+-------+-------+-------+-------++-------
Melee: War axe           |   118 |   207 |   730 |   256 ||  1311
Invok: Sacrifice Stealth |       |       |     1 |       ||     1
       Sacrifice Love    |       |       |       |     1 ||     1
 Abil: Evoke Berserk Rag |       |       |     3 |     3 ||     6
       Device Recharging |       |       |       |     1 ||     1
Evoke: Wand              |       |     4 |     9 |     7 ||    20
  Use: Scroll            |       |       |    11 |     6 ||    17
  Eat: Bread ration      |       |     1 |     3 |       ||     4
       Meat ration       |       |       |     1 |       ||     1
       Fruit             |       |       |     5 |       ||     5
       Pizza             |       |       |       |     2 ||     2
       Royal jelly       |       |       |       |     1 ||     1
       Beef jerky        |       |       |       |     1 ||     1
